 Seeded DCSS version 0.28.0-43-g3370ac3207 (webtiles) character file.

Game seed: 69420690 (custom seed)

70 guess the Slasher (level 4, -3/33 HPs)
             Began as a Vampire Warper on Mar 3, 2022.
             Slain by Robin
             ... wielding a +2 falchion of protection
              (8 damage)
             ... on level 2 of the Dungeon.
             The game lasted 00:11:28 (2706 turns).

guess the Slasher (Vampire Warper)                  Turns: 2706, Time: 00:11:29

Health: -3/33      AC:  3    Str: 12    XL:     4   Next: 3%
Magic:  7/7        EV: 12    Int: 15    God:
Gold:   66         SH:  0    Dex: 13    Spells: 7/7 levels left

rFire   . . .      SeeInvis +   a - +0 falchion
rCold   . . .      Faith    .   (no shield)
rNeg    . . .      Spirit   .   b - +0 leather armour
rPois   .          Reflect  .   (no helmet)
rElec   .          Harm     .   (no cloak)
rCorr   .          Rampage  .   (no gloves)
Will    .....                   (no boots)
Stlth   +.........              (no amulet)
HPRegen 0.31/turn               (no ring)
MPRegen 0.10/turn               (no ring)

@: healing quickly
A: alive, fangs 3, see invisible, vampiric 2
a: Exsanguinate


You were on level 2 of the Dungeon.
You visited 1 branch of the dungeon, and saw 3 of its levels.

You collected 66 gold pieces.

Inventory:

Hand Weapons
 a - a +0 falchion (weapon)
Missiles
 d - 5 boomerangs of dispersal
 f - 27 bolts
Armour
 b - a +0 leather armour (worn)
Scrolls
 c - a scroll of blinking
 e - a scroll of teleportation {unknown}
 h - 2 scrolls of magic mapping
 i - a scroll of vulnerability {unknown}
Potions
 g - a potion of brilliance
 j - a potion of flight
 k - a potion of resistance (quivered) {unknown}
 l - a potion of lignification {unknown}


   Skills:
 + Level 2.1 Fighting
 + Level 3.4 Long Blades
 + Level 0.7 Throwing
 + Level 1.5 Armour
 + Level 2.4 Dodging
 + Level 0.7 Stealth
 + Level 2.1 Spellcasting
 + Level 2.4 Translocations


You had 7 spell levels left.
You didn't know any spells.
Your spell library contained the following spells:

 Spells                   Type           Power      Damage    Failure   Level
 Apportation              Tloc           16%        N/A       11%         1
 Blink                    Tloc           16%        N/A       16%         2
 Animate Skeleton         Necr           2%         N/A       28%         1
 Summon Small Mammal      Summ           4%         N/A       28%         1
 Gell's Gravitas          Tloc           8%         N/A       30%         3
 Lesser Beckoning         Tloc           8%         N/A       30%         3
 Teleport Other           Tloc           8%         N/A       30%         3
 Manifold Assault         Tloc           8%         N/A       96%         5


Dungeon Overview and Level Annotations

Branches:
Dungeon (3/15)

Altars:

Annotations:
D:2 Robin


Innate Abilities, Weirdness & Mutations

Your natural rate of healing is accelerated.
You have razor-sharp teeth.
You have supernaturally acute eyesight. (SInv)
You are afflicted with vampirism and can become a bat while bloodless.


Message History

Robin is nearby!
You hit Robin but do no damage.
Robin hits you with a +2 falchion of protection.
* * * LOW HITPOINT WARNING * * *
Blink to where?
Press: ? - help, Dir - move target
As you read the scroll of blinking, it crumbles to dust.
Robin misses you. Robin misses you.
There is a stone staircase leading up here.
You see here a +0 pair of boots.
Robin barely misses you.
You see here a +0 ring mail.
Robin says, "My goblins will feast on your bones."
Robin hits you with a +2 falchion of protection.
Robin says, "Feeling lonely?"
Robin hits you with a +2 falchion of protection!
Robin points. "Kill!"
Robin says, "Kneel, worm!"
Robin hits you with a +2 falchion of protection.
Robin hits you with a +2 falchion of protection.
Robin misses you.
Robin hits you with a +2 falchion of protection.
You see here a +0 dagger.
Things that are here:
3 stones; a +0 short sword Robin flexes a bicep menacingly.
Things that are here:
3 stones; a +0 short sword Robin hits you with a +2 falchion of protection!
Robin hits you with a +2 falchion of protection!
* * * LOW HITPOINT WARNING * * *
Robin hits you but does no damage.
You see here a +0 hand axe.
You hit Robin but do no damage. Robin barely misses you.
You barely miss Robin. Your bite misses Robin.
Robin hits you with a +2 falchion of protection.
* * * LOW HITPOINT WARNING * * *
Robin hits you with a +2 falchion of protection!
You die...

#########.##.##.#.#.#.##.##.#
#
#......##.##.##..........##.#
#
#.####.##.##.####.##..#####.#
# #<#
#.##.........##..#####.# #
#.# #......................#
# #.#
#######.####.##..####### #
#.# #.....#.....##..# # #.#
#.####.#######..# # #.# #.#
#....@g....# # #.# #.#
#########.## # #.# #.# #.# #
#.# #.# #.# # #.# #.# #.### #
#.# #.# #...# # ..# ###.#
###.# # #.###...###### #.#
..).<........####### #.#


You could see Robin.

Vanquished Creatures
  2 adders (D:2)
  3 dart slugs
  7 endoplasms
  A giant cockroach (D:2)
  5 goblins
  5 hobgoblins
  3 jackals (D:1)
  A quokka (D:2)
  A ball python (D:1)
  3 bats
  6 frilled lizards
  4 kobolds
  4 rats
45 creatures vanquished.

Notes
Turn   | Place    | Note
-------+----------+-------------------------------------------
     0 | D:1      | guess the Vampire Warper began the quest for the Orb.
     0 | D:1      | Reached XP level 1. HP: 16/16 MP: 3/3
   122 | D:1      | Reached skill level 1 in Armour
   246 | D:1      | Reached XP level 2. HP: 18/22 MP: 5/5
  1620 | D:2      | Gained mutation: You are afflicted with vampirism and can
                  | become a bat while bloodless. [Vampire growth]
  1620 | D:2      | Reached XP level 3. HP: 27/27 MP: 6/6
  1640 | D:2      | Reached skill level 3 in Long Blades
  1800 | D:2      | Found a faded altar of an unknown god.
  2520 | D:3      | Identified the +0 helmet "Essankeo" {Regen+ Str+3}
  2520 | D:3      | Noticed Robin
  2525 | D:3      | Reached XP level 4. HP: 20/33 MP: 7/7
  2706 | D:2      | Slain by Robin

Illustrated notes

Levels and vault maps discovered:
D:1:      wheals_arrival_linesprint, layout_loops_ring, serial_aquarium,
          aquarium_bridge_square [aquarium_subvault_bridge,
          aquarium_subvault_bridge, aquarium_subvault_bridge,
          aquarium_subvault_window], aquarium_bridge_square
          [aquarium_subvault_window, aquarium_subvault_bridge,
          aquarium_subvault_wall, aquarium_subvault_window],
          aquarium_window_corner, aquarium_window_corner, aquarium_view_2b,
          aquarium_balcony_double_1, aquarium_pool_2, minivault_19
D:2:      layout_loops_ring, ebering_ecumenical_altar_box
D:3:      layout_basic, minmay_misc_feat_rows, uniq_robin, uniq_terence

Skill      XL: |  1  2  3 |
---------------+----------+-----
Armour         | 1 |  1.5
Fighting       | 2 |  2.1
Long Blades    | 3 |  3.4
Throwing       | |  0.7
Dodging        | |  2.4
Stealth        | |  0.7
Spellcasting   | |  2.1
Translocations | |  2.4

Action                   |  1- 3 |  4- 6 || total
-------------------------+-------+-------++-------
Melee: Falchion          |   141 |     8 ||   149
       Bite              |    12 |       ||    12
       Punch             |     2 |       ||     2
  Use: Scroll            |     5 |     1 ||     6
       Potion            |     2 |       ||     2
Armor: Leather armour    |    48 |     2 ||    50
Dodge: Dodged            |   111 |     9 ||   120
